Map: Frost LE

Players

Fropez

  • Race: Protoss Protoss
  • League: Gold
  • Spawn Location: 1:00

Mythk - Winner!

  • Race: Terran Terran
  • Spawn Location: 7:00

VOD

Have the link to the VOD?

Description

Time

  • Played on: Oct. 14, 2016, 10:12 p.m.
  • Length: 12:21
Show
View Real Time Build Order
Export as new Build Order

Fropez Protoss 

Build Orders:  

Get SALT Encoding   

  12  0:02  Probe (Chrono Boost)  
  13  0:12  Probe (Chrono Boost)  
  14  0:18  Pylon  
  14  0:24  Probe (Chrono Boost)  
  15  0:36  Gateway  
  15  0:38  Probe (Chrono Boost)  
  16  0:47  Assimilator  
  16  0:49  Probe (Chrono Boost)  
  17  1:00  Gateway  
  17  1:04  Probe (Chrono Boost)  
  18  1:14  Probe (Chrono Boost)  
  19  1:23  Pylon  
  19  1:25  Probe (Chrono Boost)  
  20  1:35  Probe (Chrono Boost)  
  21  1:46  Nexus  
  21  1:51  Probe (Chrono Boost)  
  21  2:03  Probe (Chrono Boost)  
  21  2:07  Assimilator  
  22  2:12  Pylon  
  22  2:13  Probe (Chrono Boost)  
  23  2:24  Cybernetics Core  
  23  2:36  Probe (Chrono Boost)  
  24  2:48  Gateway  
  24  2:49  Probe (Chrono Boost)  
  25  2:58  Probe (Chrono Boost)  
  26  3:00  Probe (Chrono Boost)  
  26  3:01  Pylon x2  
  26  3:09  Probe (Chrono Boost)  
  27  3:20  Mothership Core (Chrono Boost)  
  27  3:51  Probe x2 (Chrono Boost)  
  27  3:52  Pylon  
  27  3:53  Warp Gate (Chrono Boost)  
  29  3:56  Stalker  
  29  3:58  Stalker  
  33  4:06  Stalker  
  34  4:26  Probe (Chrono Boost)  
  34  4:27  Pylon, Probe (Chrono Boost)  
  36  4:31  Assimilator  
  36  4:33  Assimilator  
  36  4:38  Probe x2 (Chrono Boost)  
  37  4:44  Stalker  
  40  4:47  Probe  
  41  4:55  Probe  
  41  4:56  Gateway  
  42  5:08  Stalker x2  
  46  5:14  Stalker  
  48  5:24  Robotics Facility  
  48  5:25  Probe  
  48  5:26  Probe  
  48  5:27  Pylon  
  50  5:37  Probe  
  50  5:38  Probe  
  44  6:00  Probe  
  44  6:01  Probe  
  46  6:09  Pylon  
  46  6:12  Pylon, Probe  
  46  6:13  Probe  
  46  6:14  Gateway  
  46  6:15  Warp Prism  
  50  6:19  Gateway  
  50  6:23  Probe  
  51  6:29  Probe  
  52  6:45  Twilight Council, Probe x2  
  54  6:49  Pylon  
  54  6:50  Stalker x2  
  54  6:52  Stalker  
  60  7:13  Observer  
  61  7:17  Adept x5  
  69  7:49  Stalker x3  
  69  7:50  Stalker x3  
  80  7:51  Immortal  
  66  8:42  Adept x3  
  66  8:43  Adept x3  
  78  9:04  Adept x5  
  78  9:05  Adept  
  78  9:24  Adept  
  78  9:25  Adept x4  
  78  9:26  Adept  
  84  9:43  Observer  
  83  9:47  Stalker x3  
  73  10:45  Nexus  
  73  10:46  Pylon  
  73  10:54  Probe  
  73  10:59  Pylon  
  73  11:02  Pylon  
  73  11:06  Pylon  
  73  11:23  Stalker x2  
  73  11:24  Stalker x2  
  81  11:33  Probe  
  82  11:54  Gateway  
  82  11:55  Gateway  
  86  12:04  Forge  
  86  12:07  Probe x2  
  86  12:08  Probe  
Show
View Real Time Build Order
Export as new Build Order

Mythk Terran - Winner!

Build Orders: Liberator Opening, MMM Bio 

Get SALT Encoding   

  12  0:01  SCV  
  13  0:13  SCV  
  14  0:19  Supply Depot  
  14  0:25  SCV  
  15  0:41  SCV  
  16  0:42  Barracks  
  16  0:46  Refinery  
  16  0:53  SCV  
  17  1:05  SCV  
  18  1:17  SCV  
  19  1:29  SCV  
  19  1:30  Reaper  
  21  1:37  Command Center  
  21  1:49  Orbital Command  
  21  2:02  Marine  
  22  2:15  SCV  
  23  2:16  Factory  
  23  2:29  Supply Depot  
  23  2:45  Bunker  
  23  2:49  SCV  
  23  2:50  Orbital Command  
  24  2:53  Marine  
  25  3:01  SCV  
  26  3:11  Marine, Starport  
  27  3:20  SCV x2  
  29  3:28  Factory Tech Lab  
  29  3:29  Marine  
  29  3:32  SCV x2  
  29  3:33  Barracks  
  32  3:44  SCV  
  32  3:45  SCV  
  32  3:46  Marine  
  35  3:56  SCV, Liberator  
  35  3:57  SCV  
  37  4:08  SCV  
  37  4:09  SCV  
  39  4:15  Barracks Tech Lab  
  42  4:21  SCV x2  
  42  4:22  Refinery  
  42  4:24  Barracks Tech Lab  
  43  4:27  Barracks  
  43  4:33  SCV x2  
  43  4:34  Refinery  
  43  4:36  Refinery  
  45  4:45  SCV  
  46  4:51  Command Center  
  46  5:12  Supply Depot  
  46  5:18  Stimpack  
  46  5:19  Barracks Reactor, Engineering Bay  
  46  5:34  SCV x2, Supply Depot, Marauder, Medivac  
  52  5:46  SCV x2  
  52  5:47  Liberator  
  54  5:56  Marauder  
  53  5:58  SCV x2  
  58  6:04  Marine x2  
  58  6:06  Widow Mine  
  58  6:09  Starport  
  58  6:10  Marine, SCV x2  
  65  6:17  Marauder  
  67  6:21  Orbital Command  
  67  6:22  Marine x2, SCV x2  
  71  6:29  Marauder  
  73  6:34  SCV x2, Combat Shields  
  73  6:35  Widow Mine  
  73  6:37  Terran Infantry Weapons Level 1  
  77  6:42  Armory  
  77  7:10  Starport Reactor  
  77  7:16  Supply Depot  
  77  7:31  Bunker  
  77  7:33  SCV  
  77  7:36  Marine, SCV  
  77  7:37  Marine, SCV, Widow Mine, Marauder x2  
  77  7:39  Supply Depot, Liberator  
  83  7:45  SCV  
  83  7:49  SCV  
  85  7:53  SCV, Concussive Shells  
  85  7:54  Marine x2  
  85  7:57  SCV  
  85  8:01  SCV, Marauder x2  
  85  8:02  Supply Depot  
  85  8:05  SCV, Widow Mine  
  91  8:12  SCV  
  93  8:21  SCV x2  
  93  8:23  Marauder  
  93  8:24  SCV, Marauder  
  94  8:27  Supply Depot  
  94  8:33  SCV x2  
  94  8:34  Widow Mine  
  93  8:36  SCV  
  93  8:39  Medivac  
  94  8:43  Sensor Tower  
  94  8:45  SCV x2  
  96  8:51  Supply Depot  
  96  8:54  Missile Turret  
  90  9:02  Marine x4  
  85  9:20  Marine x2  
  85  9:21  Marauder x2  
  82  9:33  Missile Turret  
  82  9:36  Missile Turret  
  82  9:38  Marine x2  
  80  9:42  Marauder x2  
  73  9:56  Marine x2  
  74  10:04  Marauder x2  
  75  10:13  Marine x2  
  77  10:14  SCV  
  77  10:15  SCV x2  
  77  10:20  Refinery  
  80  10:21  Medivac  
  80  10:22  Medivac x2  
  80  10:25  Marauder x2  
  86  10:31  Marine x2, SCV x3  
  86  10:35  Liberator  
  91  10:38  Widow Mine  
  93  10:43  SCV x3  
  93  10:46  Marauder x2  
  93  10:49  Marine x2  
  100  10:51  Medivac  
  100  10:52  Medivac  
  100  10:55  SCV x2  
  109  11:06  Missile Turret  
  109  11:07  Widow Mine  
  109  11:08  Marauder x2  
  115  11:22  Medivac  
  117  11:29  Refinery  
  117  11:31  Refinery  
  117  11:41  Supply Depot  
  117  12:02  Marine x2  
  117  12:03  SCV  
  117  12:05  SCV  
  117  12:06  Supply Depot  
Tags
 
Composition
MMM Bio
League
Gold
Matchup
PvT
Replay Pack
All Mines
Spawn Locations
Cross Positions
Add a new tag
Caveats
  • Supply blocks, unpowered buildings, or Contaminate may cause inaccurate times.
  • Supply counts are checked every 10 seconds.